 Dungeon Sprint DCSS version 0.31-a0-1-g4198be8af4 (webtiles) character file.

Game seed: 8528758411601268008

2324 123456 the Fighter (level 9, -8/96 HPs)
             Began as a Minotaur Fighter on May 2, 2023.
             Was an Initiate of Gozag.
             Mangled by a boulder beetle (13 damage)
             ... in the Dungeon (Sprint IX: "|||||||||||||||||||||||||||||").
             The game lasted 00:01:05 (931 turns).

123456 the Fighter (Minotaur Fighter)                Turns: 931, Time: 00:01:06

Health: -8/96      AC: 18    Str: 26    XL:     9   Next: 19%
Magic:  8/8        EV: 13    Int:  8    God:    Gozag
Gold:   720        SH:  4    Dex: 12    Spells: 8/8 levels left

rFire   . . .        n - +2 morningstar (protect)
rCold   . . .        c - +0 buckler
rNeg    . . .        o - +1 scale mail
rPois   .            (helmet restricted)
rElec   .            a - +0 cloak
rCorr   .            (no gloves)
SInv    .            (no boots)
Will    .....        (no amulet) Stlth
                     p - +3 ring of intelligence
HPRegen 0.36/turn    q - +3 ring of strength
MPRegen 0.11/turn

%: no teleportation
@: under a protective aura
A: horns 2, retaliatory headbutt
a: Renounce Religion, Potion Petition, Call Merchant, Bribe Branch


You were in the Dungeon.
You worshipped Gozag.
Gozag was pleased with you.
You visited 1 branch You collected 720 gold pieces.

Inventory:

Hand Weapons
 n - a +2 morningstar of protection (weapon)
Armour
 a - a +0 cloak (worn)
 c - a +0 buckler (worn)
 o - a +1 scale mail (worn)
Jewellery
 p - a +3 ring of intelligence (left hand)
 q - a +3 ring of strength (right hand)
Wands
 m - a wand of quicksilver (10)
Scrolls
 j - 2 scrolls of blinking
 l - 2 scrolls of amnesia
Potions
 d - a potion of might
 e - 5 potions of curing
 f - 2 potions of heal wounds
 g - a potion of haste
 h - 4 potions of magic
 i - a potion of berserk rage
 k - a potion of invisibility


   Skills:
 * Level 14.8 Fighting
 * Level 14.6 Maces & Flails
 + Level 10.9 Armour
 + Level 9.3 Dodging
 - Level 3.6 Shields


You had 8 spell levels left.
You didn't know any spells.
Your spell library was empty.

Dungeon Overview and Level Annotations

Branches:
Dungeon (1/1)

Altars:
Cheibriados
Dithmenos
Elyvilon
Fedhas
Gozag
Hepliaklqana
Kikubaaqudgha
Makhleb
Nemelex Xobeh
Okawaru
Qazlal
Ru
Sif Muna
Trog
Uskayaw
Vehumet
Wu Jian
Xom
Yredelemnul
Zin
The Shining One
Jiyva
Lugonu


Innate Abilities, Weirdness & Mutations

You have a pair of horns on your head.
You reflexively headbutt those who attack you in melee.


Message History

The boulder beetle is heavily wounded.
The boulder beetle bites you!
You puncture the boulder beetle!
The boulder beetle is heavily wounded.
The boulder beetle barely misses you.
You completely miss the boulder beetle.
The boulder beetle is heavily wounded.
You hit the boulder beetle but do no damage.
The boulder beetle is heavily wounded.
The boulder beetle bites you!
You completely miss the boulder beetle.
The boulder beetle is heavily wounded.
The boulder beetle bites you!
You hit the boulder beetle but do no damage.
The boulder beetle is heavily wounded.
The boulder beetle bites you!
You hit the boulder beetle but do no damage.
You headbutt the boulder beetle, but do no damage.
The boulder beetle is heavily wounded.
The boulder beetle bites you but does no damage.
You hit the boulder beetle. You headbutt the boulder beetle!
The boulder beetle is heavily wounded.
You barely miss the boulder beetle.
The boulder beetle is heavily wounded.
The boulder beetle bites you!
You sock the boulder beetle!
The boulder beetle is severely wounded.
The boulder beetle bites you!
* * * LOW HITPOINT WARNING * * *
You barely miss the boulder beetle.
You headbutt the boulder beetle, but do no damage.
The boulder beetle is severely wounded.
The boulder beetle bites you!
* * * LOW HITPOINT WARNING * * *
You hit the boulder beetle but do no damage.
You headbutt the boulder beetle, but do no damage.
The boulder beetle is severely wounded.
The boulder beetle bites you!
You die...
Your body crumbles into a pile of gold. ▓▓▓▓▓▓▓▓▓▓▓▓▓▓▓▓▓▓▓▓▓▓▓▓ ______'....)'...@B)...<▓ ▓▓▓▓▓▓▓▓▓▓▓▓▓▓▓▓▓▓▓▓▓▓▓▓ $ $$$$$$$$$

You could see a boulder beetle.

Vanquished Creatures
  A deep elf pyromancer (D)
  2 gargoyles (D)
  An unseen horror (D)
  2 trolls (D)
  A wraith (D)
  2 yaks (D)
  A centaur (D)
  A phantom (D)
  An iguana (D)
  An orc wizard (D)
  A gnoll (D)
  A dart slug (D)
  An orc (D)
  A goblin (D)
  A hobgoblin (D)
  A ball python (D)
  A bat (D)
  A rat (D)
21 creatures vanquished.

Notes
Turn   | Place    | Note
-------+----------+-------------------------------------------
     0 | D        | 123456 the Minotaur Fighter began the quest for the Orb.
     0 | D        | Reached XP level 1. HP: 19/19 MP: 0/0
    18 | D        | Reached skill level 1 in Dodging
    47 | D        | Noticed a phantom
    47 | D        | Noticed an iguana
    53 | D        | Killed an iguana
    54 | D        | Reached skill level 5 in Fighting
    54 | D        | Reached XP level 2. HP: 21/29 MP: 1/1
    54 | D        | Reached XP level 3. HP: 27/36 MP: 2/2
    58 | D        | Reached skill level 5 in Maces & Flails
    64 | D        | Killed a phantom
    65 | D        | Reached skill level 5 in Armour
    65 | D        | Reached XP level 4. HP: 21/47 MP: 3/3
   345 | D        | Found a snail-covered altar of Cheibriados.
   345 | D        | Found a shadowy altar of Dithmenos.
   345 | D        | Found a white marble altar of Elyvilon.
   345 | D        | Found a blossoming altar of Fedhas.
   345 | D        | Found an opulent altar of Gozag.
   346 | D        | Found a hazy altar of Hepliaklqana.
   347 | D        | Found a viscous altar of Jiyva.
   348 | D        | Found an ancient bone altar of Kikubaaqudgha.
   349 | D        | Found a corrupted altar of Lugonu.
   350 | D        | Found a burning altar of Makhleb.
   351 | D        | Found a sparkling altar of Nemelex Xobeh.
   352 | D        | Found an iron altar of Okawaru.
   353 | D        | Found a stormy altar of Qazlal.
   357 | D        | Became a worshipper of Gozag Ym Sagoz the Greedy
   359 | D        | Found a sacrificial altar of Ru.
   360 | D        | Found a shimmering blue altar of Sif Muna.
   361 | D        | Found a bloodstained altar of Trog.
   362 | D        | Found a hide-covered altar of Uskayaw.
   363 | D        | Found a radiant altar of Vehumet.
   364 | D        | Found an ornate altar of the Wu Jian Council.
   365 | D        | Found a shimmering altar of Xom.
   366 | D        | Found a basalt altar of Yredelemnul.
   367 | D        | Found a glowing silver altar of Zin.
   368 | D        | Found a glowing golden altar of the Shining One.
   417 | D        | Noticed a yak
   417 | D        | Noticed a centaur
   417 | D        | Noticed a troll
   417 | D        | Noticed a yak
   417 | D        | Noticed a gargoyle
   425 | D        | HP: 2/47 [gargoyle/stone arrow (16)]
   426 | D        | Killed a gargoyle
   427 | D        | Reached skill level 10 in Fighting
   427 | D        | Reached skill level 10 in Maces & Flails
   427 | D        | Reached XP level 5. HP: 3/59 MP: 4/4
   427 | D        | Reached XP level 6. HP: 3/67 MP: 5/5
   431 | D        | Killed a yak
   432 | D        | Reached XP level 7. HP: 36/74 MP: 6/6
   437 | D        | Killed a troll
   445 | D        | Killed a yak
   637 | D        | Noticed a troll
   637 | D        | Noticed a boulder beetle
   637 | D        | Noticed a deep elf pyromancer
   637 | D        | Noticed a gargoyle
   637 | D        | Noticed a wraith
   641 | D        | Killed an unseen horror
   642 | D        | Reached XP level 8. HP: 64/86 MP: 7/7
   654 | D        | Killed a gargoyle
   655 | D        | Reached skill level 10 in Armour
   659 | D        | Killed a deep elf pyromancer
   660 | D        | Reached XP level 9. HP: 74/96 MP: 8/8
   663 | D        | Killed a troll
   930 | D        | HP: 4/96 [boulder beetle (17)]
   931 | D        | Mangled by a boulder beetle

Illustrated notes

Levels and vault maps discovered:
D:        linesprint [early_d, line_temple, items_1, d_10, items_2, lair_1,
          lair_end, items_3, orc_1, orc_end, items_4, d_15, swamp_1, shoals_1,
          snake_1, spider_1, d_20, vaults_1, items_5, swamp_end, shoals_end,
          snake_end, spider_end, vaults_end, d_27, items_6, zot_1, zot_end,
          crypt_end, forest_end, elf_end, slime_end, tomb_end, abyss_end,
          pan_hell_end]

Skill      XL: |  1  2  3  4  5  6  7  8 |
---------------+-------------------------+-----
Fighting       | 5 7 10 11 13 14 | 14.8
Maces & Flails | 4 6 10 12 14 | 14.6
Dodging        | 2 4 6 8 9 |  9.3
Armour         | 4 5 7 8 9 10 | 10.9
Shields        | |  3.6

Action                     |  1- 3 |  4- 6 |  7- 9 || total
---------------------------+-------+-------+-------++-------
  Melee: Flail             |    33 |       |       ||    33
         Headbutt          |     3 |     1 |    13 ||    17
         Morningstar       |       |    12 |    59 ||    71
    Use: Potion            |       |     1 |       ||     1
 Armour: Scale mail        |     6 |     2 |    15 ||    23
  Dodge: Dodged            |    13 |     8 |    24 ||    45
  Block: Buckler           |     6 |     1 |     7 ||    14

Table legend: (Time is in decaauts)
 A = Elapsed time spent in this place.
 B = Non-inter-level travel time spent in this place.
 C = Inter-level travel time spent in this place.
 D = Time resting spent in this place.
 E = Time spent auto-exploring this place.
 F = Levels seen in this place.
 G = Mean time per level.
                   A        B        C        D        E       F      G
               +--------+--------+--------+--------+--------+-----+--------+
         Total |    931 |    931 |      0 |    611 |     70 |   1 |  931.0 |
       Dungeon |    931 |    931 |      0 |    611 |     70 |   1 |  931.0 |
               +--------+--------+--------+--------+--------+-----+--------+

Top non-repeatable levels by time:
       D: 931 daAuts
